 Dungeon Crawl Stone Soup version 0.21-a0-143-g1ab7d47 (webtiles) character file.

12419 namelastname112 the Frost Mage (level 11, -7/74 HPs)
             Began as a White Draconian Venom Mage on July 26, 2017.
             Was a High Priest of Vehumet.
             Shot with an arrow by a centaur (10 damage)
             ... on level 11 of the Dungeon.
             The game lasted 00:27:28 (14362 turns).

namelastname112 the Frost Mage (DrVM)              Turns: 14362, Time: 00:27:29

Health: -7/74      AC:  9    Str: 11    XL:     11   Next: 62%
Magic:  20/24      EV: 12    Int: 20    God:    Vehumet [*****.]
Gold:   768        SH:  0    Dex:  9    Spells: 16/28 levels left

rFire    . . .     SeeInvis .   v - +3 dagger (chaos)
rCold    + . .     Gourm    .   (no shield)
rNeg     . . .     Faith    .   (armour unavailable)
rPois    .         Spirit   .   c - +1 hat {Int+3}
rElec    .         Reflect  .   D - +0 cloak
rCorr    .         Harm     .   (no gloves)
MR       +....     Clarity  +   (no boots)
Stlth    ++........             (no amulet)
HPRegen  0.22/turn              i - ring of flight
MPRegen  0.19/turn              (no ring)

@: no status effects
A: breathe frost, unfitting armour, big wings, blurry vision 1, clarity, clumsy
1, cold resistance 1, dopey 1, magic resistance 1, cold-blooded, AC +7
a: Breathe Frost, Fly, Renounce Religion, Evoke Flight


You were on level 11 of the Dungeon.
You worshipped Vehumet.
Vehumet was extremely pleased with you.
You were not hungry.

You visited 1 branch of the dungeon, and saw 11 of its levels.
You also visited: Bailey.

You collected 817 gold pieces.
You spent 49 gold pieces at shops.

Inventory:

Hand Weapons
 v - a +3 dagger of chaos (weapon)
Missiles
 u - a throwing net (quivered)
Armour
 c - a +1 hat of intelligence (worn)
 D - a +0 cloak (worn)
Jewellery
 i - a ring of flight (left hand)
 t - an uncursed ring of ice
Wands
 m - a wand of flame (3/48)
 C - a wand of acid (5/15)
 E - a wand of confusion (27/48)
Scrolls
 d - a scroll of enchant armour
 g - 2 scrolls of teleportation
 h - 6 scrolls of immolation
 n - 2 scrolls of fear
 p - 5 scrolls of remove curse
 q - a scroll of recharging
 y - a scroll of identify
 H - a scroll of magic mapping
Potions
 e - 2 potions of agility
 f - 2 potions of haste
 j - 4 potions of might
 k - 2 potions of berserk rage
 l - a potion of cancellation
 o - 6 potions of curing
 z - a potion of degeneration {unknown}
 A - a potion of lignification
 B - a potion of resistance {unknown}
 F - a potion of heal wounds {unknown}
Books
 a - a Young Poisoner's Handbook

   Spells                             Type                      Level
   a - Sting                          Conjuration/Poison           1
   b - Poisonous Vapours              Poison/Air                   2
   c - Mephitic Cloud                 Conjuration/Poison/Air       3
   d - Olgreb's Toxic Radiance        Poison                       4
   e - Venom Bolt                     Conjuration/Poison           5
Miscellaneous
 G - a box of beasts
Comestibles
 b - 10 bread rations
 r - 2 fruits
 s - 2 chunks of flesh
 w - 9 meat rations
 x - 5 royal jellies


   Skills:
 - Level 1.7 Dodging
 - Level 1.7 Stealth
 + Level 9.3 Spellcasting
 + Level 9.7 Conjurations
 * Level 13.3 Ice Magic
 - Level 6.2 Poison Magic


You had 16 spell levels left.
You knew the following spells:

 Your Spells              Type           Power        Failure   Level  Hunger
a - Olgreb's Toxic Radia  Pois           ####....     1%          4    ###....
b - Throw Frost           Conj/Ice       ######       1%          2    None
c - Throw Icicle          Conj/Ice       ######..     1%          4    ###....
x - Poisonous Vapours     Pois/Air       ###...       3%          2    None


Dungeon Overview and Level Annotations

Branches:
Dungeon (11/15)            Temple (0/1) D:5
   Lair: D:8-11         Orc: D:9-12

Altars:
Cheibriados
Fedhas
Kikubaaqudgha
Makhleb
Okawaru
Qazlal
Ru
Sif Muna
Trog
Uskayaw
Vehumet
Xom
Zin
The Shining One
Beogh

Shops:
D:8 [   D:9 ?

Annotations:
D:9 exclusion: oklob plant


Innate Abilities, Weirdness & Mutations

You can breathe waves of freezing cold.
You can buffet flying creatures when you breathe cold.
Your icy white scales are hard. (AC +7)
You cannot fit into any form of body armour.
Your flesh is cold resistant. (rC+)
You are cold-blooded and may be slowed by cold attacks.
Your large and strong wings let you fly indefinitely.
Scrolls take you a little longer to read.
You possess an exceptional clarity of mind.
You are clumsy. (Dex -2)
You are dopey. (Int -2)
You are resistant to hostile enchantments. (MR+)


Message History

The killer bee poisons you!
The centaur shoots an arrow.
The arrow hits you.
* * * LOW HITPOINT WARNING * * *
The arrow burns you.
* * * LOW HITPOINT WARNING * * *
The killer bee barely misses you.
A centaur comes into view.
You take 3 damage, and have 3/74 hp.
You feel better.
The centaur shouts!
You kill the killer bee!
Vehumet accepts your kill.
You feel your power returning.
You kill the killer bee!
Vehumet accepts your kill.
The centaur shoots an arrow.
The arrow misses you.
The centaur wields a shortbow.
The centaur shoots an arrow.
The arrow hits you.
* * * LOW HITPOINT WARNING * * *
The killer bee closely misses you.
The centaur shoots an arrow.
The arrow hits you!
You die...

#..≈#
############..≈#######≈#
..............≈≈≈≈≈≈≈≈≈#
.......................
......................
...............(....##
....................#
../...........(....<#
##############.(@y..+ #
#.(....# # #......# #
#.......... #
#...cc†....# #
#......†...# #
#..........( +
........##c# #
.......#.#


You could see 3 centaurs and a killer bee.

Vanquished Creatures
  Gastronok (D:8)
  2 two-headed ogres (D:9)
  An unseen horror (D:10)
  Maurice (D:10)
  Psyche (D:8)
  2 trolls (D:9)
  A hippogriff (D:6)
  10 yaks
  A human (D:8)
  4 hogs (D:8)
  5 ice beasts
  13 orc warriors
  A black bear (D:8)
  4 ogres
  3 sky beasts
  A phantom (D:9)
  A centaur (D:10)
  2 crocodiles
  A big kobold (D:8)
  5 bullfrogs
  A wyvern skeleton (D:9)
  7 scorpions
  14 killer bees
  A wight (D:11)
  A crimson imp (D:9)
  3 bullfrog zombies
  13 orc wizards
  A bullfrog skeleton (D:4)
  5 hounds
  A jelly (D:9)
  6 orc priests
  2 iguanas
  9 worker ants
  A hound skeleton (D:4)
  18 adders
  A howler monkey skeleton (D:10)
  2 shadow imps
  An ooze (D:2)
  4 adder skeletons
  3 worms
  4 dart slugs
  6 leopard geckos
  43 orcs
  A ball python (D:2)
  12 giant cockroaches
  7 goblins
  4 hobgoblins
  4 jackals (D:3)
  6 quokkas
  10 bats
  5 frilled lizards
  A giant cockroach zombie (D:5)
  23 kobolds
  A quokka skeleton (D:9)
  9 rats
290 creatures vanquished.

Vanquished Creatures (others)
  3 plants (D:9)
3 creatures vanquished.

Grand Total: 293 creatures vanquished

Notes
Turn   | Place    | Note
-------+----------+-------------------------------------------
     0 | D:1      | namelastname112 the Draconian Venom Mage began the quest for the Orb.
     0 | D:1      | Reached XP level 1. HP: 14/14 MP: 3/3
   469 | D:1      | Reached XP level 2. HP: 20/20 MP: 1/5
   473 | D:1      | Learned a level 2 spell: Poisonous Vapours
   952 | D:2      | Found a radiant altar of Vehumet.
  1016 | D:2      | Became a worshipper of Vehumet
  1151 | D:2      | Found a blossoming altar of Fedhas.
  1153 | D:2      | Found a shimmering altar of Xom.
  1153 | D:2      | Found a hide-covered altar of Uskayaw.
  1155 | D:2      | Found a burning altar of Makhleb.
  1155 | D:2      | Found a shimmering altar of Xom.
  1155 | D:2      | Found a sacrificial altar of Ru.
  1201 | D:2      | Reached XP level 3. HP: 26/26 MP: 4/6
  1897 | D:2      | Reached XP level 4. HP: 33/33 MP: 4/8
  2551 | D:3      | Reached * piety under Vehumet
  2551 | D:3      | Offered knowledge of Flame Tongue by Vehumet.
  3222 | D:3      | Reached XP level 5. HP: 24/38 MP: 2/10
  3519 | D:3      | Reached ** piety under Vehumet
  3772 | D:4      | Offered knowledge of Throw Flame by Vehumet.
  4014 | D:4      | Reached XP level 6. HP: 44/45 MP: 6/11
  4105 | D:4      | Learned a level 4 spell: Olgreb's Toxic Radiance
  4642 | D:4      | Reached skill level 5 in Poison Magic
  4778 | D:5      | Entered Level 5 of the Dungeon
  4907 | D:5      | Found a staircase to the Ecumenical Temple.
  4953 | D:5      | Your scales start taking on an icy white colour.
  4953 | D:5      | Reached XP level 7. HP: 50/50 MP: 6/13
  4953 | D:5      | Gained mutation: Your flesh is cold resistant. (rC+) [White Draconian growth]
  5807 | D:6      | Found an ancient bone altar of Kikubaaqudgha.
  5959 | D:6      | Noticed a hippogriff
  5972 | D:6      | Killed a hippogriff
  5972 | D:6      | Reached skill level 5 in Spellcasting
  5972 | D:6      | Reached skill level 5 in Conjurations
  6159 | D:6      | Reached XP level 8. HP: 51/57 MP: 7/15
  6398 | D:6      | Found an ancient bone altar of Kikubaaqudgha.
  6398 | D:6      | Found a blossoming altar of Fedhas.
  6458 | D:6      | Offered knowledge of Throw Frost by Vehumet.
  6462 | D:6      | Learned a level 2 spell: Throw Frost
  6665 | D:6      | Found a deep blue altar of Sif Muna.
  6746 | D:6      | Reached skill level 1 in Ice Magic
  6956 | D:7      | Reached skill level 2 in Ice Magic
  7323 | D:7      | Reached skill level 3 in Ice Magic
  7617 | D:8      | Noticed Psyche
  7660 | D:8      | Reached skill level 4 in Ice Magic
  7717 | D:8      | Reached *** piety under Vehumet
  7766 | D:8      | Reached skill level 5 in Ice Magic
  7887 | D:8      | Noticed Gastronok
  7893 | D:8      | Offered knowledge of Throw Icicle by Vehumet.
  7920 | D:7      | Learned a level 4 spell: Throw Icicle
  8078 | D:8      | Found a stormy altar of Qazlal.
  8141 | D:8      | Reached XP level 9. HP: 58/62 MP: 12/18
  8200 | D:8      | Reached skill level 6 in Ice Magic
  8281 | D:8      | Found Olokh's Antique Armour Shoppe.
  8352 | D:8      | Killed Psyche
  8352 | D:8      | Reached skill level 7 in Ice Magic
  8582 | D:8      | Found a glowing golden altar of the Shining One.
  8817 | D:8      | Killed Gastronok
  8817 | D:8      | Reached skill level 9 in Ice Magic
  8817 | D:8      | Reached XP level 10. HP: 68/69 MP: 8/21
  8935 | D:8      | Reached skill level 10 in Ice Magic
  9292 | D:9      | Noticed a two-headed ogre
  9325 | D:9      | Killed a two-headed ogre
  9424 | D:9      | Reached **** piety under Vehumet
  9460 | D:9      | Found a bloodstained altar of Trog.
  9460 | D:9      | Found an iron altar of Okawaru.
  9580 | D:9      | Found Axtys's Magic Scroll Boutique.
  9588 | D:9      | Bought a scroll of magic mapping for 49 gold pieces
  9626 | D:9      | Found a flagged portal.
  9633 | Bailey   | Entered a bailey
  9781 | Bailey   | Offered knowledge of Conjure Flame by Vehumet.
  9850 | Bailey   | Reached skill level 11 in Ice Magic
 10198 | Bailey   | Found a burning altar of Makhleb.
 10326 | D:9      | Noticed an oklob plant
 10655 | D:9      | Gained mutation: You are dopey. (Int -2) [potion of mutation]
 10655 | D:9      | Gained mutation: Scrolls take you a little longer to read. [potion of mutation]
 10655 | D:9      | Gained mutation: You are resistant to hostile enchantments. (MR+) [potion of mutation]
 10655 | D:9      | Gained mutation: Your large and strong wings let you fly indefinitely. [potion of mutation]
 10690 | D:9      | Found a deep blue altar of Sif Muna.
 10967 | D:9      | Found a snail-covered altar of Cheibriados.
 11006 | D:9      | Noticed a two-headed ogre
 11019 | D:9      | Killed a two-headed ogre
 11152 | D:9      | Reached XP level 11. HP: 55/74 MP: 15/23
 11183 | D:9      | Reached skill level 12 in Ice Magic
 11590 | D:9      | Found a glowing silver altar of Zin.
 12151 | D:10     | Entered Level 10 of the Dungeon
 12314 | D:10     | Found a runed door.
 12617 | D:10     | Noticed Maurice
 12795 | D:10     | Killed Maurice
 13094 | D:10     | Gained mutation: You are clumsy. (Dex -2) [mutagenic meat]
 13095 | D:10     | Gained mutation: You are robust. (+10% HP) [mutagenic meat]
 13097 | D:10     | Lost mutation: You are robust. (+10% HP) [mutagenic meat]
 13098 | D:10     | Gained mutation: You possess an exceptional clarity of mind. [mutagenic meat]
 13234 | D:10     | Killed an unseen horror
 13451 | D:10     | Reached skill level 13 in Ice Magic
 13622 | D:10     | Reached ***** piety under Vehumet
 13689 | D:10     | Offered knowledge of Force Lance by Vehumet.
 13700 | D:10     | Found a roughly hewn altar of Beogh.
 14361 | D:11     | HP: 3/74 [centaur/arrow (1)]
 14362 | D:11     | Shot with an arrow by a centaur

Vault maps used:
D:1:      lightli_arrival_statue_moat, serial_glass, glass_columns_a,
          glass_columns_a, glass_columns_c, glass_columns_b, glass_columns_a,
          glass_columns_c
D:2:      vehumet_crystals, doesnt_xom_only_xom
D:4:      grunt_ministairs_6
D:5:      minmay_temple_entry_junction, first_bread
D:6:      grunt_temple_overflow_growth_and_decay, kennysheep_mini_moat,
          basic_altar
D:8:      lemuel_coloured_pillars_altar, lemuel_doored_altar, serial_shops,
          shop_fountains, grunt_livestock, eino_small_chamber_without_monster,
          uniq_psyche, uniq_gastronok
D:9:      zin_academy, slow_altar_2, grunt_temple_overflow_bloody_war,
          serial_shops, shop_scrolls, enter_bailey_2, kennysheep_small_spiral,
          lemuel_oklob_altar
D:10:     lightli_church_of_beogh, uniq_maurice
D:11:     grunt_lair_entry_orc_guard_hut, enter_trove_2,
          hangedman_abyss_or_decor_lesser_grid, minmay_orc_keep, uniq_fannar
Bailey:   bailey_axe_3, bailey

Skill      XL: |  1  2  3  4  5  6  7  8  9 10 11 |
---------------+----------------------------------+-----
Conjurations   | 2 3 4 5 6 7 9 |  9.7
Spellcasting   | 3 4 5 6 7 8 9 |  9.3
Poison Magic   | 4 5 6 |  6.2
Ice Magic      | 5 9 11 13 | 13.3
Dodging        | |  1.7
Stealth        | |  1.7

Action                   |  1- 3 |  4- 6 |  7- 9 | 10-12 || total
-------------------------+-------+-------+-------+-------++-------
Melee: Unarmed           |     5 |       |       |       ||     5
       Short sword       |    42 |    32 |       |       ||    74
       Tailslap          |     1 |     8 |    15 |    22 ||    46
       Dagger            |       |    43 |    25 |   269 ||   337
       Rapier            |       |       |   116 |       ||   116
Throw: Throwing net      |       |       |     2 |       ||     2
 Cast: Sting             |    64 |   122 |    48 |       ||   234
       Poisonous Vapours |     4 |    20 |    55 |    54 ||   133
       Olgreb's Toxic Ra |       |       |    10 |    30 ||    40
       Throw Icicle      |       |       |     4 |    68 ||    72
 Abil: Breathe Frost     |       |       |     6 |     7 ||    13
Evoke: Wand              |       |       |       |     9 ||     9
  Use: Scroll            |       |       |    16 |     4 ||    20
       Potion            |       |       |       |     4 ||     4
 Stab: Sleeping          |       |       |     2 |     2 ||     4
       Held in net/web   |       |       |     2 |       ||     2
       Paralysed         |       |       |       |     2 ||     2
       Confused          |       |       |       |     1 ||     1
  Eat: Chunk             |     4 |    10 |    13 |    28 ||    55
       Royal jelly       |       |       |     1 |     1 ||     2
       Fruit             |       |       |       |     2 ||     2
Armor: Skin              |    18 |    45 |    60 |   115 ||   238
Dodge: Dodged            |    33 |    83 |   107 |   178 ||   401
